 Dungeon Crawl Stone Soup version 0.21.1-1-g345015f (webtiles) character file.

203 homeworkjunkie the Chopper (level 5, -4/47 HPs)
             Began as a Hill Orc Fighter on Feb 26, 2018.
             Slain by a wight
             ... wielding a +0 long sword
              (8 damage)
             ... on level 3 of the Dungeon.
             The game lasted 00:02:06 (960 turns).

homeworkjunkie the Chopper (Hill Orc Fighter)        Turns: 960, Time: 00:02:07

Health: -4/47      AC: 11    Str: 17 (20) XL:     5   Next: 81%
Magic:  5/5        EV:  4    Int:  7 (8)  God:
Gold:   82         SH:  8    Dex:  8 (10) Spells: 4/4 levels left

rFire    . . .     SeeInvis .   a - +0 war axe
rCold    . . .     Gourm    .   c - +0 shield
rNeg     . . .     Faith    .   k - +0 chain mail
rPois    .         Spirit   .   i - +0 helmet
rElec    .         Reflect  .   g - +0 cloak
rCorr    .         Harm     .   (no gloves)
MR       .....                  (no boots)
Stlth    ..........             (no amulet)
HPRegen  0.15/turn              (no ring)
MPRegen  0.09/turn              (no ring)

@: drained
A: no striking features
a: no special abilities


You were on level 3 of the Dungeon.
You were very full.

You visited 1 branch of the dungeon, and saw 4 of its levels.

You collected 82 gold pieces.

Inventory:

Hand Weapons
 a - a +0 war axe (weapon)
Armour
 c - a +0 shield (worn)
 g - a +0 cloak (worn)
 i - a +0 helmet (worn)
 k - a +0 chain mail (worn)
Scrolls
 b - a scroll of amnesia {unknown}
Comestibles
 f - a ration


   Skills:
 * Level 4.4(3.5) Fighting
 * Level 5.3(4.4) Axes
 * Level 3.9(3.1) Armour
 + Level 0.3(0.0) Dodging
 * Level 4.5(3.7) Shields


You had 4 spell levels left.
You didn't know any spells.

Dungeon Overview and Level Annotations

Branches:
Dungeon (4/15)
 Temple: D:4-7

Altars:
Cheibriados
Elyvilon
Sif Muna


Message History

The wight hits you with a scimitar.
* * * LOW HITPOINT WARNING * * *
You feel drained.
You slash the wight!
You destroy the wight!
You feel your intelligence returning. The wight completely misses you.
Your shield and chain mail prevent you from hitting the wight.
The wight is moderately damaged.
You block the wight's attack.
You slash the wight!
The wight is severely damaged.
The wight hits you with a long sword!
* * * LOW HITPOINT WARNING * * *
You feel drained.
* * * LOW HITPOINT WARNING * * *
Your chain mail prevents you from hitting the wight.
The wight is severely damaged.
The wight hits you with a long sword!
You die...

##....# ##.##.......#
##.##.# #........##.#
##.##.# #..#####.##.#
##....# #........##.#
.########.#########.#
.._# #.......# #.#
.### #.......# ####.#
## #.......# #%...#
#.......# #@####
#..<....# #z#
#.......# .z.
#.......##....
##########....#
####.# .# .#


You could see 2 wights.

Vanquished Creatures
  2 wights (D:3)
  A howler monkey (D:4)
  Robin (D:2)
  2 adders (D:3)
  An ooze (D:2)
  An adder skeleton (D:4)
  A dart slug (D:1)
  A leopard gecko (D:1)
  An orc (D:3)
  2 giant cockroaches
  8 goblins (D:2)
  8 hobgoblins
  3 jackals (D:4)
  2 bats
  2 frilled lizards (D:2)
  2 kobolds (D:1)
  5 rats
43 creatures vanquished.

Notes
Turn   | Place    | Note
-------+----------+-------------------------------------------
     0 | D:1      | homeworkjunkie the Hill Orc Fighter began the quest for the Orb.
     0 | D:1      | Reached XP level 1. HP: 19/19 MP: 1/1
    71 | D:1      | Reached XP level 2. HP: 22/27 MP: 2/2
   210 | D:2      | Noticed Robin
   225 | D:2      | Killed Robin
   225 | D:2      | Reached skill level 3 in Axes
   225 | D:2      | Reached XP level 3. HP: 18/33 MP: 3/3
   595 | D:3      | Found a deep blue altar of Sif Muna.
   613 | D:3      | Reached XP level 4. HP: 28/40 MP: 4/4
   615 | D:3      | Found a white marble altar of Elyvilon.
   618 | D:3      | Found a snail-covered altar of Cheibriados.
   729 | D:4      | Reached skill level 4 in Axes
   771 | D:3      | Reached XP level 5. HP: 13/46 MP: 5/5
   949 | D:3      | Reached skill level 5 in Axes
   960 | D:3      | Slain by a wight

Skill      XL: |  1  2  3  4  5 |
---------------+----------------+-----
Fighting       | 4 |  4.4
Axes           | 3 4 5 |  5.3
Shields        | 4 |  4.5
Armour         | |  3.9
Dodging        | |  0.3

Action                   |  1- 3 |  4- 6 || total
-------------------------+-------+-------++-------
Melee: War axe           |   118 |    59 ||   177
  Use: Potion            |     1 |     1 ||     2
       Scroll            |     2 |       ||     2
  Eat: Ration            |       |     2 ||     2
Armor: Scale mail        |    54 |       ||    54
       Chain mail        |     9 |    45 ||    54
Dodge: Dodged            |    50 |    23 ||    73
Block: Shield            |    50 |    42 ||    92
